 Dungeon Crawl Stone Soup version 0.27.1-3-gb3d3a73c9e (webtiles) character file.

Game seed: 1900718350379975884

56 CuBeRJAN3 the Sneak (level 3, -5/33 HPs)
             Began as a Naga Brigand on Oct 27, 2021.
             Slain by Terence (8 damage)
             ... on level 2 of the Dungeon.
             The game lasted 00:05:00 (1722 turns).

CuBeRJAN3 the Sneak (Naga Brigand)                  Turns: 1722, Time: 00:05:01

Health: -5/33      AC:  3    Str: 13    XL:     3   Next: 97%
Magic:  3/3        EV: 10    Int: 11    God:
Gold:   100        SH:  0    Dex: 13    Spells: 0/2 levels left

rFire    . . .     SeeInvis +   a - +2 dagger
rCold    . . .     Faith    .   (no shield)
rNeg     . . .     Spirit   .   b - +0 robe
rPois    +         Reflect  .   (no helmet)
rElec    .         Harm     .   c - +0 cloak
rCorr    .         Rampage  .   (no gloves)
Will     .....                  (no barding)
Stlth    +++.......             (no amulet)
HPRegen  0.11/turn              k - +4 ring of slaying
MPRegen  0.08/turn              (no ring)

@: very slow
A: AC +1, large, see invisible, deformed body, poison resistance, slowness 2,
spit poison 1, naga tail 1
a: Spit Poison


You were on level 2 of the Dungeon.
You visited 1 branch of the dungeon, and saw 2 of its levels.

You collected 100 gold pieces.

Inventory:

Hand Weapons
 a - a +2 dagger (weapon)
Missiles
 d - 7 poisoned darts (quivered)
 e - 2 curare-tipped darts
Armour
 b - a +0 robe (worn)
 c - a +0 cloak (worn)
Jewellery
 k - a +4 ring of slaying (left hand)
Scrolls
 g - 3 scrolls of vulnerability {unknown}
 h - a scroll of summoning {unknown}
Potions
 f - a potion of brilliance {unknown}
 i - 2 potions of mutation {unknown}
 j - a potion of attraction {unknown}


   Skills:
 * Level 2.7 Fighting
 + Level 2.3 Short Blades
 + Level 2.2 Throwing
 * Level 1.4 Dodging
 + Level 6.2 Stealth
 + Level 0.0 Spellcasting
 + Level 0.1 Hexes


You couldn't memorise any spells.
You knew the following spells:

 Your Spells              Type           Power      Damage    Failure   Level
a - Slow                  Hex            0%         N/A       45%         2

Your spell library contained the following spells:

 Spells                   Type           Power      Damage    Failure   Level
 Confusing Touch          Hex            0%         N/A       71%         3
 Vampiric Draining        Necr           0%         2d6       71%         3


Dungeon Overview and Level Annotations

Branches:
Dungeon (2/15)

Altars:

Annotations:
D:2 Terence


Innate Abilities, Weirdness & Mutations

Your serpentine skin is tough. (AC +1)
You have supernaturally acute eyesight. (SInv)
Armour fits poorly on your strangely shaped body.
Your system is resistant to poisons. (rPois)
You cover ground very slowly.
You can spit poison.
You have a snake-like lower body.


Message History

Press: ? - help, Q - select action, (/) - cycle Shift-Dir - straight line, f/p - Terence
Aim: Terence, wielding a +0 flail and wearing a +0 ring mail (68% to hit)
You throw a poisoned dart. The poisoned dart hits Terence.
You hit Terence.
Terence is lightly wounded.
Terence barely misses you.
You closely miss Terence.
Terence is lightly wounded.
Terence hits you with a +0 flail!
You hit Terence but do no damage.
Terence is lightly wounded.
Terence hits you with a +0 flail.
You hit Terence.
Terence is moderately wounded.
You have got your breath back.
Terence hits you with a +0 flail.
You hit Terence.
Terence is heavily wounded.
Terence hits you with a +0 flail!
* * * LOW HITPOINT WARNING * * *
You hit Terence but do no damage.
Terence is heavily wounded.
Terence hits you with a +0 flail!
* * * LOW HITPOINT WARNING * * *
You hit Terence.
Terence is severely wounded.
Terence barely misses you.
You barely miss Terence.
Terence is severely wounded.
You barely miss Terence.
Terence is severely wounded.
Terence misses you.
You hit Terence but do no damage.
Terence is severely wounded.
Terence barely misses you.
You closely miss Terence.
Terence is severely wounded.
Terence says, "You're history."
Terence hits you with a +0 flail!
You die...

......##### ..........# ###
..........# ..#. ..........#
..... ..........# .. .#
#.......# ....+ +....@..#
#...# #....@..# ..... >.
+.......# ...#
#.#####.......# #..#
#.##..........#
#..###.............#
#..................#
#..................##
#......##...........######.#
#..(...#######..###........#


You could see Terence.

Vanquished Creatures
  2 adders (D:2)
  A dart slug (D:1)
  4 endoplasms
  2 goblins (D:1)
  5 jackals
  3 kobolds (D:1)
  2 quokkas (D:1)
  4 ball pythons
  4 bats
  2 frilled lizards (D:1)
  6 rats
35 creatures vanquished.

Notes
Turn   | Place    | Note
-------+----------+-------------------------------------------
     0 | D:1      | CuBeRJAN3 the Naga Brigand began the quest for the Orb.
     0 | D:1      | Reached XP level 1. HP: 19/19 MP: 1/1
   128 | D:1      | Reached skill level 6 in Stealth
   128 | D:1      | Reached XP level 2. HP: 26/26 MP: 2/2
   285 | D:1      | Reached skill level 1 in Dodging
   974 | D:1      | Reached XP level 3. HP: 33/33 MP: 3/3
  1421 | D:2      | Learned a level 2 spell: Slow
  1662 | D:2      | Found a faded altar of an unknown god.
  1707 | D:2      | Noticed Terence
  1722 | D:2      | Slain by Terence

Illustrated notes

Levels and vault maps discovered:
D:1:      lightli_arrival_chessboard, layout_loops_cross
D:2:      layout_basic, hellmonk_ecumenical_altar_leap_of_faith, uniq_terence

Skill      XL: |  1  2 |
---------------+-------+-----
Stealth        | 6 |  6.2
Dodging        | 1 |  1.4
Throwing       | 2 |  2.2
Fighting       | |  2.7
Short Blades   | |  2.3
Hexes          | |  0.1

Action                   || total
-------------------------++-------
Melee: Dagger            ||   101
Throw: Dart              ||     6
 Abil: Spit Poison       ||     3
 Stab: Sleeping          ||    13
Armor: Robe              ||    30
Dodge: Dodged            ||    46
